AoeStats
← ccereal

Arabia

510130570Analyzed
4v4 RM · 2d ago on Sep 29, 2026· 17m 8s· 8 players
Game mode
Random Map
Map size
Large (8 player)
Population
200
Speed
Normal
Resources
Standard
Victory
Conquest
Starting age
Dark Age
Ending age
Imperial Age
RankedLock teamsTeams togetherTeam positionsShared explorationLock speedFull tech treeHidden civsTurbo modeCheats
Victory
Defeat
🇫🇷 Vikings · France
1597
+14
🇫🇷 Britons · France
1528
+17
🇩🇪 Franks · Germany
1523
+17
🇫🇷 Magyars · France
1454
+20
🇭🇰 Britons · Hong Kong SAR China
1581
-18
🇨🇳 Franks · China
1546
-17
🇫🇮 Ethiopians · Finland
1543
-17
🇩🇴 Lithuanians · Dominican Republic
1528
-16
mc 88
6:15 Loom
8:48 Feudal Age
9:19 Double-Bit Axe
14:33 Fletching
超级硬邦邦
6:07 Loom
9:34 Feudal Age
10:19 Double-Bit Axe
Mizii
5:26 Loom
10:04 Feudal Age
RD | RuJasonSh
9:21 Feudal Age
8:57 Loom
10:04 Double-Bit Axe
ccereal
6:21 Loom
8:30 Feudal Age
10:20 Double-Bit Axe
18:44 Castle Age
16:44 Fletching
17:41 Padded Archer Armor
Flybidi
6:07 Loom
8:37 Feudal Age
14:24 Fletching
tony le gros rou
6:45 Loom
8:59 Feudal Age
p0n0n0
6:51 Loom
9:26 Feudal Age
10:05 Double-Bit Axe
15:44 Wheelbarrow
15:26 Forging
17:51 Scale Barding Armor
Connection lost

Rejoining the realm…

Still unreachable

The connection could not be restored.

Session expired

The server has moved on; the page needs a fresh start.